Map: Port Aleksander LE

Players

Lambo - Winner!

  • Race: Zerg Zerg
  • League: Grandmaster
  • Spawn Location: 11:00

lIlIlIlIIIll

  • Race: Protoss Protoss
  • League: Grandmaster
  • Spawn Location: 5:00

VOD

Have the link to the VOD?

Description

Time

  • Played on: Jan. 10, 2019, 1:45 p.m.
  • Length: 11:12
Show
View Real Time Build Order
Export as new Build Order

Lambo Zerg - Winner!

Build Orders: Hatch First 

Get SALT Encoding   

  12  0:01  Drone  
  13  0:14  Overlord  
  13  0:18  Drone  
  14  0:32  Drone x2  
  16  0:50  Hatchery  
  16  0:53  Drone  
  16  0:57  Drone  
  16  1:00  Drone  
  18  1:11  Extractor  
  18  1:15  Spawning Pool  
  16  1:19  Drone  
  16  1:23  Drone  
  18  1:30  Drone  
  19  1:46  Drone  
  20  1:52  Overlord  
  20  2:02  Queen x2  
  20  2:03  Zergling x4  
  26  2:13  Metabolic Boost  
  26  2:14  Drone  
  26  2:15  Drone  
  28  2:25  Drone x2  
  30  2:40  Hatchery  
  29  2:46  Drone  
  29  2:50  Overlord  
  29  2:51  Drone x2  
  32  3:04  Drone  
  33  3:06  Drone  
  33  3:09  Queen  
  33  3:11  Spore Crawler  
  35  3:16  Spore Crawler  
  35  3:17  Spore Crawler  
  35  3:18  Drone  
  32  3:21  Drone x2  
  32  3:24  Drone  
  32  3:26  Drone x2  
  40  3:30  Drone  
  40  3:31  Overlord, Drone  
  42  3:39  Spore Crawler  
  42  3:41  Spore Crawler  
  40  3:44  Drone x2  
  40  3:46  Drone  
  43  3:49  Queen  
  43  3:52  Extractor  
  43  3:54  Overlord  
  43  3:55  Drone x2  
  46  4:00  Drone x2  
  46  4:02  Drone  
  50  4:11  Overlord, Spore Crawler  
  50  4:12  Queen  
  50  4:18  Drone x4  
  50  4:19  Drone  
  50  4:22  Drone  
  57  4:24  Drone  
  57  4:32  Drone x4  
  57  4:35  Drone  
  57  4:36  Zergling x6  
  64  4:43  Roach Warren  
  64  4:44  Extractor  
  64  4:45  Drone x3  
  64  4:46  Extractor  
  64  4:48  Drone  
  65  4:53  Lair  
  65  4:55  Overlord  
  65  4:58  Evolution Chamber  
  64  5:01  Drone  
  64  5:06  Overlord  
  65  5:10  Overlord  
  65  5:18  Drone x8  
  73  5:22  Overlord  
  73  5:25  Overlord  
  73  5:31  Roach x7  
  87  5:40  Roach x4  
  95  5:47  Roach x2  
  99  5:52  Roach  
  99  5:56  Roach x3  
  104  5:59  Roach  
  104  6:00  Roach  
  104  6:03  Roach x2  
  104  6:06  Roach  
  104  6:07  Roach  
  104  6:09  Zergling x2  
  104  6:10  Zergling x4  
  99  6:15  Roach, Zergling x2  
  93  6:21  Roach, Zergling x2  
  93  6:23  Queen  
  97  6:28  Zergling x4  
  97  6:29  Roach  
  97  6:30  Queen  
  94  6:33  Zergling x2  
  94  6:35  Zergling x6  
  94  6:36  Zergling x2  
  92  6:40  Zergling x2  
  92  6:43  Roach Warren  
  92  6:45  Zergling x2  
  86  6:51  Zergling x8  
  90  6:54  Baneling Nest  
  90  6:58  Zergling x6  
  92  7:06  Queen x2  
  92  7:07  Zergling x4  
  98  7:13  Overlord  
  98  7:18  Queen  
  98  7:22  Overlord  
  100  7:23  Roach x3  
  100  7:26  Glial Reconstitution  
  106  7:36  Extractor  
  105  7:37  Extractor  
  105  7:40  Baneling x6  
  104  7:45  Zergling x16, Baneling  
  104  7:48  Roach x2  
  114  7:53  Roach, Zergling x4  
  114  7:58  Roach, Zergling x4  
  108  8:00  Roach  
  108  8:01  Roach, Zergling x2  
  108  8:03  Roach  
  105  8:08  Roach  
  105  8:11  Roach  
  96  8:13  Roach  
  96  8:18  Roach  
  96  8:19  Roach  
  96  8:22  Zergling x6  
  96  8:24  Roach  
  84  8:31  Roach  
  84  8:33  Baneling  
  84  8:34  Queen x2, Baneling  
  90  8:42  Roach, Zergling x4  
  90  8:46  Roach x2  
  98  8:48  Baneling x4  
  98  8:52  Roach  
  98  8:55  Roach  
  102  9:01  Baneling x4  
  102  9:03  Roach x2  
  102  9:08  Roach, Zergling x4  
  103  9:10  Roach, Zergling x2  
  103  9:11  Roach  
  103  9:14  Roach  
  101  9:18  Roach x2  
  101  9:24  Roach  
  100  9:27  Roach, Zergling x4  
  100  9:31  Roach, Zergling x2  
  98  9:41  Roach x2  
  102  9:52  Roach x3  
  108  9:54  Ravager  
  108  9:55  Ravager  
  108  9:56  Ravager  
  108  9:58  Roach  
  113  10:06  Zergling x2  
  114  10:09  Overlord  
  114  10:12  Baneling x10  
  113  10:16  Baneling  
  113  10:17  Zergling x2  
  113  10:21  Overlord  
  114  10:32  Zergling x16  
  114  10:37  Zergling x4  
  114  10:40  Roach  
  109  10:44  Roach, Zergling x2  
  109  10:46  Roach  
  106  10:50  Zergling x4  
  102  11:03  Ravager  
  100  11:05  Ravager x2  
  100  11:08  Ravager x2  
Show
View Real Time Build Order
Export as new Build Order

lIlIlIlIIIll Protoss 

Build Orders: 1 Gate Expand, Oracle Opening, Zealot Archon 

Get SALT Encoding   

  12  0:01  Probe  
  13  0:13  Probe  
  14  0:20  Pylon  
  14  0:25  Probe  
  15  0:34  Probe  
  15  0:40  Gateway  
  15  0:42  Probe  
  16  0:49  Assimilator  
  17  0:52  Probe  
  18  1:00  Probe  
  18  1:08  Probe  
  20  1:27  Nexus  
  20  1:37  Cybernetics Core  
  20  1:40  Probe  
  21  1:50  Assimilator  
  21  1:52  Probe  
  22  1:58  Pylon  
  22  2:04  Probe  
  22  2:08  Adept  
  23  2:16  Probe  
  26  2:26  Stargate  
  26  2:29  Probe  
  27  2:32  Adept  
  29  2:39  Probe  
  29  2:41  Probe  
  31  2:48  Warp Gate  
  31  2:50  Stalker  
  30  2:51  Probe  
  30  2:53  Probe  
  32  3:03  Probe  
  32  3:05  Probe  
  36  3:11  Oracle  
  39  3:16  Probe  
  39  3:17  Probe  
  39  3:28  Probe  
  39  3:29  Probe  
  41  3:40  Probe, Twilight Council  
  42  3:41  Probe  
  42  3:45  Gateway  
  43  3:52  Gateway  
  43  3:53  Robotics Facility  
  44  3:57  Gateway  
  44  4:01  Charge  
  43  4:04  Gateway  
  43  4:08  Gateway  
  43  4:13  Gateway  
  43  4:25  Gateway  
  43  4:29  Warp Prism  
  43  4:33  Pylon  
  43  4:34  Pylon  
  45  4:49  Probe  
  45  4:52  Probe  
  47  4:53  Zealot x4  
  55  5:09  Zealot  
  55  5:10  Zealot x2  
  61  5:14  Pylon  
  61  5:16  Pylon  
  61  5:34  Zealot x5  
  61  5:35  Zealot  
  73  5:36  Zealot  
  73  5:39  Zealot  
  75  5:57  Pylon  
  75  6:01  Zealot  
  75  6:02  Zealot x4  
  71  6:15  Zealot x3  
  73  6:22  Zealot x3  
  71  6:32  Zealot x2  
  71  6:36  Zealot x3  
  69  6:51  Templar Archives  
  69  6:55  Zealot x4  
  77  7:05  Pylon  
  77  7:21  Zealot  
  77  7:22  Zealot  
  81  7:25  Pylon  
  81  7:28  High Templar x5  
  91  7:32  High Templar  
  91  7:33  Archon  
  91  7:34  Archon  
  91  7:35  Archon  
  93  7:46  Pylon  
  91  7:54  Zealot x2  
  91  7:56  Nexus  
  83  7:59  Zealot x2  
  83  8:02  Zealot x5  
  73  8:23  Zealot  
  73  8:24  Zealot x5  
  81  8:29  Zealot  
  83  8:41  Assimilator  
  83  8:44  High Templar x2  
  83  8:45  Zealot x2  
  83  8:46  Zealot  
  83  8:48  Sentry  
  95  8:49  Archon  
  95  8:53  Probe x2  
  81  9:12  Zealot x4  
  81  9:15  Zealot  
  85  9:19  Immortal  
  69  9:28  Oracle  
  53  9:41  Probe x3  
  59  9:48  Immortal  
  59  9:50  Robotics Facility  
  59  9:53  Probe x3  
  59  9:54  Assimilator  
  62  10:05  Probe  
  67  10:08  Oracle  
  67  10:09  Pylon  
  67  10:15  Zealot x2  
  74  10:22  Zealot  
  76  10:29  Zealot x2  
  70  10:36  Sentry  
  70  10:37  Zealot x2  
  50  10:57  Zealot x4  
Tags
 
Add a new tag
Caveats
  • Supply blocks, unpowered buildings, or Contaminate may cause inaccurate times.
  • Supply counts are checked every 10 seconds.